 Dungeon Crawl Stone Soup version 0.28-a0-803-g74956062c1 (webtiles) character file.

Game seed: 6360210521849943071

136 Essalna the Firebug (level 4, -18/30 HPs)
             Began as a Demonspawn Fire Elementalist on Nov 7, 2021.
             Demolished by Crazy Yiuf (23 damage)
             ... on level 3 of the Dungeon.
             The game lasted 00:05:47 (3079 turns).

Essalna the Firebug (Demonspawn Fire Elementalist)  Turns: 3079, Time: 00:05:47

Health: -18/30     AC:  4    Str:  8    XL:     4   Next: 98%
Magic:  0/8        EV: 12    Int: 21    God:
Gold:   101        SH:  0    Dex: 13    Spells: 2/9 levels left

rFire   . . .      SeeInvis .   d - staff of air
rCold   . . .      Faith    .   (no shield)
rNeg    . . .      Spirit   .   a - +0 robe
rPois   .          Reflect  .   l - +0 helmet {Int+3}
rElec   +          Harm     .   (no cloak)
rCorr   .          Rampage  .   c - +0 pair of gloves
Will    .....                   (no boots)
Stlth   ++........              (no amulet)
HPRegen 0.10/turn               (no ring)
MPRegen 0.11/turn               (no ring)

@: no status effects
A: ignite blood 1, demonic magic 1
a: no special abilities


You were on level 3 of the Dungeon.
You visited 1 branch of the dungeon, and saw 3 of its levels.

You collected 101 gold pieces.

Inventory:

Armour
 a - a +0 robe (worn)
 c - a +0 pair of gloves (worn)
 j - a +3 leather armour
 l - a +0 helmet of intelligence (worn)
Magical Staves
 d - a staff of air (weapon)
Jewellery
 e - an amulet of guardian spirit
 i - a ring of protection from cold
Scrolls
 f - a scroll of teleportation
Potions
 g - 2 potions of invisibility {unknown}
 h - a potion of curing {unknown}
 k - a potion of flight {unknown}
 m - a potion of magic {unknown}


   Skills:
 - Level 1.7 Dodging
 - Level 1.7 Stealth
 + Level 3.2 Spellcasting
 + Level 2.8 Conjurations
 + Level 3.7 Fire Magic


You had 2 spell levels left.
You knew the following spells:

 Your Spells              Type           Power      Damage    Failure   Level
a - Foxfire               Conj/Fire      68%        2x1d7     3%          1
b - Scorch                Fire           38%        2d6       4%          2
c - Flame Wave            Conj/Fire      17%        3d5       34%         4

Your spell library contained the following spells:

 Spells                   Type           Power      Damage    Failure   Level
 Conjure Flame            Conj/Fire      17%        6-21      11%         3
 Inner Flame              Hex/Fire       11%        N/A       19%         3


Dungeon Overview and Level Annotations

Branches:
Dungeon (3/15)

Altars:

Annotations:
D:3 Crazy Yiuf


Innate Abilities, Weirdness & Mutations

Your demonic aura sometimes causes spilled blood to erupt in flames.
Spells you cast may paralyse adjacent enemies.


Message History

Casting: Foxfire (safe; 3% risk of failure)
Confirm with . or Enter, or press ? or * to list all spells.
Flames lash Crazy Yiuf.
Crazy Yiuf is moderately wounded.
Crazy Yiuf's fire resistance burns away.
Malevolent energies surge around you.
Casting: Scorch (safe; 4% risk of failure)
Confirm with . or Enter, or press ? or * to list all spells.
Flames lash Crazy Yiuf.
Crazy Yiuf is burned terribly!
Crazy Yiuf is heavily wounded.
Malevolent energies surge around you.
Crazy Yiuf suddenly stops moving!
Casting: Scorch (safe; 4% risk of failure)
Confirm with . or Enter, or press ? or * to list all spells.
Flames lash Crazy Yiuf.
Crazy Yiuf is burned terribly!
Crazy Yiuf is severely wounded.
Malevolent energies surge around you.
Casting: Scorch (safe; 4% risk of failure)
Confirm with . or Enter, or press ? or * to list all spells.
You don't have enough magic to cast this spell.
Crazy Yiuf is no longer paralysed.
You hear a shout!
Crazy Yiuf is nearby!
Casting: Scorch (safe; 4% risk of failure)
Confirm with . or Enter, or press ? or * to list all spells.
You conjure some foxfire!
Malevolent energies surge around you.
Crazy Yiuf hits you with a +4 quarterstaff of chaos.
You convulse!
The foxfire hits Crazy Yiuf.
Crazy Yiuf is severely wounded.
The foxfire hits Crazy Yiuf.
Crazy Yiuf is almost dead.
Crazy Yiuf hits you with a +4 quarterstaff of chaos!
* * * LOW HITPOINT WARNING * * *
You resist with some effort.
Casting: Foxfire (safe; 3% risk of failure)
Confirm with . or Enter, or press ? or * to list all spells.
You conjure some foxfire!
Malevolent energies surge around you.
Crazy Yiuf hits you with a +4 quarterstaff of chaos!!
Ouch! That really hurt!
You die...

#....g...
#.######.
###)#
#.§.#
#.#.##
#....#
#+..+#
#vv..#
♣@§§.♣
♣g.P♣♣
♣♣.♣♣
♣.♣♣ ♣♣.♣
♣g♣♣ ♣♣.♣
#'# ...


You could see Crazy Yiuf (berserk, ally target).

Vanquished Creatures
  2 hounds
  Robin (D:2)
  An adder (D:2)
  6 bats
  5 endoplasms
  3 giant cockroaches
  11 goblins
  6 hobgoblins
  4 jackals (D:1)
  3 kobolds
  A quokka (D:1)
  4 ball pythons
  4 frilled lizards
  4 rats
55 creatures vanquished.

Vanquished Creatures (others)
  172 foxfires
172 creatures vanquished.

Grand Total: 227 creatures vanquished

Notes
Turn   | Place    | Note
-------+----------+-------------------------------------------
     0 | D:1      | Essalna the Demonspawn Fire Elementalist began the quest
                  | for the Orb.
     0 | D:1      | Reached XP level 1. HP: 13/13 MP: 3/3
   507 | D:1      | Gained mutation: Your demonic aura sometimes causes spilled
                  | blood to erupt in flames. [demonic ancestry]
   507 | D:1      | Reached XP level 2. HP: 19/19 MP: 1/5
   553 | D:1      | Found a faded altar of an unknown god.
  1700 | D:2      | Gained mutation: Spells you cast may paralyse adjacent
                  | enemies. [demonic ancestry]
  1700 | D:2      | Reached XP level 3. HP: 13/24 MP: 0/7
  2060 | D:2      | Reached XP level 4. HP: 28/30 MP: 0/8
  2270 | D:2      | Noticed Robin
  2277 | D:2      | Killed Robin
  2576 | D:2      | Learned a level 2 spell: Scorch
  2581 | D:2      | Learned a level 4 spell: Flame Wave
  3064 | D:3      | Found a runed translucent door.
  3065 | D:3      | Noticed Crazy Yiuf
  3079 | D:3      | Demolished by Crazy Yiuf

Illustrated notes

Levels and vault maps discovered:
D:1:      lightli_arrival_windingriver, layout_basic,
          hellmonk_ecumenical_altar_arch_garden, minmay_misc_feat_plants
D:2:      layout_loops_ring, corexii_leaking_fountain, grunt_decor_cap,
          minmay_misc_feat_tower, wad_floor_pattern_untrapped,
          minmay_misc_feat_secret_circle, minmay_pentomino_r4, uniq_robin
D:3:      layout_loops_ring, portal_sewer_entry_a, lemuel_old_faithful,
          uniq_crazy_yiuf_cottage

Skill      XL: |  1  2  3  4 |
---------------+-------------+-----
Fire Magic     | 3 |  3.7
Conjurations   | 2 |  2.8
Spellcasting   | 3 |  3.2
Dodging        | |  1.7
Stealth        | |  1.7

Action                   |  1- 3 |  4- 6 || total
-------------------------+-------+-------++-------
Melee: Staff             |    31 |     7 ||    38
 Cast: Foxfire           |    71 |    45 ||   116
       Scorch            |       |     3 ||     3
  Use: Scroll            |       |     2 ||     2
 Stab: Paralysed         |       |     2 ||     2
Armor: Robe              |     9 |     2 ||    11
Dodge: Dodged            |    31 |     5 ||    36

Table legend: (Time is in decaauts)
 A = Elapsed time spent in this place.
 B = Non-inter-level travel time spent in this place.
 C = Inter-level travel time spent in this place.
 D = Time resting spent in this place.
 E = Time spent auto-exploring this place.
 F = Levels seen in this place.
 G = Mean time per level.
                   A        B        C        D        E       F      G
               +--------+--------+--------+--------+--------+-----+--------+
         Total |   3087 |   2988 |     99 |      0 |   2471 |   3 | 1029.0 |
       Dungeon |   3087 |   2988 |     99 |      0 |   2471 |   3 | 1029.0 |
               +--------+--------+--------+--------+--------+-----+--------+

Top non-repeatable levels by time:
     D:1: 1578 daAuts
     D:2: 1413 daAuts
     D:3: 95 daAuts
